 Seeded DCSS version 0.30-a0-956-gcec3b41aec (webtiles) character file.

Game seed: 20230327 (custom seed)

233 Juicyj the Trooper (level 5, -15/47 HPs)
             Began as a Minotaur Fighter on Mar 28, 2023.
             Demolished by Pikel
             ... wielding a +0 whip of electrocution
              (19 damage)
             ... on level 4 of the Dungeon on Mar 29, 2023.
             The game lasted 00:05:22 (2653 turns).

Juicyj the Trooper (Minotaur Fighter)               Turns: 2653, Time: 00:05:23

Health: -15/47     AC: 27    Str: 22    XL:     5   Next: 75%
Magic:  4/4        EV:  7    Int:  5    God:
Gold:   140        SH:  4    Dex: 10    Spells: 4/4 levels left

rFire   . . .      SeeInvis .    a - +0 war axe
rCold   . . .      Faith    .    c - +0 buckler
rNeg    . . .      Spirit   .    x - +18 Lear's hauberk
rPois   .          Reflect  .    (helmet currently unavailable)
rElec   .          Rampage  .    (no cloak)
rCorr   .                        (gloves currently unavailable)
Will    .....                    (boots currently unavailable) Stlth
                                 (no amulet)
HPRegen 0.27/turn                (no ring)
MPRegen 0.09/turn                (no ring)

@: no status effects
A: horns 2, retaliatory headbutt
a: no special abilities


You were on level 4 of the Dungeon.
You visited 1 branch of the dungeon, and saw 4 of its levels.

You collected 140 gold pieces.

Inventory:

Hand Weapons
 a - a +0 war axe (weapon)
Missiles
 r - 4 javelins (quivered)
 w - 4 datura-tipped darts
Armour
 b - a +0 scale mail
 c - a +0 buckler (worn)
 x - the +18 Lear's hauberk (worn)
   (You found it on level 4 of the Dungeon)
Jewellery
 j - a ring of fire
Scrolls
 f - 4 scrolls of identify {unknown}
 h - 3 scrolls of enchant armour {unknown}
 k - 2 scrolls of immolation {unknown}
 l - 2 scrolls of blinking {unknown}
 p - a scroll of fog {unknown}
 q - a scroll of magic mapping {unknown}
 s - 2 scrolls of poison {unknown}
 v - a scroll of torment {unknown}
 y - a scroll of amnesia {unknown}
Potions
 d - a potion of might
 e - 3 potions of curing {unknown}
 g - a potion of invisibility {unknown}
 i - 2 potions of degeneration {unknown}
 m - a potion of flight {unknown}
 n - 3 potions of brilliance {unknown}
 o - 2 potions of lignification {unknown}
 t - 2 potions of heal wounds {unknown}
 u - a potion of berserk rage {unknown}


   Skills:
 + Level 4.7 Fighting
 + Level 3.8(4.1) Axes
 + Level 2.3(3.4) Maces & Flails
 + Level 1.3 Throwing
 + Level 4.7 Armour
 + Level 4.7 Shields


You had 4 spell levels left.
You didn't know any spells.
Your spell library contained the following spells:

 Spells                   Type           Power      Damage    Failure   Level
 Sting                    Tmut/Pois      0%         1d3       99%         1
 Poisonous Vapours        Pois/Air       0%         N/A       100%        2
 Olgreb's Toxic Radiance  Pois           0%         N/A       100%        4
 Borgnjor's Revivificati  Necr           0%         N/A       100%        8
 Necromutation            Tmut/Necr      0%         N/A       100%        8
 Death's Door             Necr           0%         N/A       100%        9


Dungeon Overview and Level Annotations

Branches:
Dungeon (4/15)
 Temple: D:4-7

Altars:
Elyvilon
Qazlal

Shops:
D:1 *=:*=

Annotations:
D:4 Pikel


Innate Abilities, Weirdness & Mutations

You have a pair of horns on your head.
You reflexively headbutt those who attack you in melee.


Message History

The lemure hits you but does no damage. x2
You miss the lemure. You headbutt the lemure!
The lemure is moderately wounded.
You barely miss the lemure. You hit the lemure. You closely miss the lemure.
You block the lemure's attack. The lemure closely misses you. x2
The lemure barely misses you. You furiously retaliate!
You headbutt the lemure! You hit the lemure.
The lemure is almost dead.
You barely miss the lemure. You hit the lemure. You miss the lemure.
The lemure hits you but does no damage. The lemure hits you. x2
You block the lemure's attack. The lemure barely misses you.
The lemure closely misses you. The lemure hits you.
You barely miss Pikel. You barely miss the lemure. You closely miss the lemure.
You hit the lemure.
The lemure hits you but does no damage. x2
You block the lemure's attack.
Pikel hits you with a +0 whip of electrocution.
You are electrocuted!!
You hit Pikel.
Pikel is lightly wounded.
You barely miss the lemure. You hit the lemure. You barely miss the lemure.
The lemure closely misses you. You furiously retaliate!
You headbutt the lemure! You block the lemure's attack.
The lemure hits you but does no damage. Pikel barely misses you.
You barely miss Pikel.
Pikel is lightly wounded.
You hit the lemure but do no damage. You hit the lemure. x2
Pikel hits you with a +0 whip of electrocution.
* * * LOW HITPOINT WARNING * * *
The lemure hits you.
* * * LOW HITPOINT WARNING * * *
The lemure hits you but does no damage. The lemure hits you.
* * * LOW HITPOINT WARNING * * *
You block Pikel's attack. The lemure hits you.
* * * LOW HITPOINT WARNING * * *
The lemure hits you but does no damage. The lemure completely misses you.
You hit Pikel.
Pikel is moderately wounded.
You barely miss the lemure. You hit the lemure. You closely miss the lemure.
Pikel hits you but does no damage.
You are electrocuted!!
You die...

.....##.#..######
#.........# #
####.###[#>#.#####
###...####...#......
#
#E#...#E####.#######
#.###...###....#
#..........#####
#...555....#
##.5K@.....#
####...####
#E#...#E# ###...###
#####


You could see an earth elemental, a water elemental, Pikel, a fire elemental, an
air elemental and 4 lemures.

Vanquished Creatures
  Duvessa (D:4)
  Dowan (D:4)
  2 adders (D:3)
  A worm (D:2)
  A dart slug (D:1)
  3 ball pythons (D:1)
  6 bats
  4 endoplasms
  4 giant cockroaches
  9 goblins
  6 hobgoblins
  2 jackals (D:2)
  A quokka (D:1)
  3 frilled lizards
  6 kobolds
  4 rats
54 creatures vanquished.

Notes
Turn   | Place    | Note
-------+----------+-------------------------------------------
     0 | D:1      | Juicyj the Minotaur Fighter began the quest for the Orb.
     0 | D:1      | Reached XP level 1. HP: 19/19 MP: 0/0
     4 | D:1      | Found Xoclunid's Book Emporium.
    32 | D:1      | Found Aqium's General Store.
   103 | D:1      | Found Wostryiz's General Store.
   193 | D:1      | Reached XP level 2. HP: 27/27 MP: 1/1
   209 | D:1      | Found a faded altar of an unknown god.
   285 | D:1      | Found Muif's Jewellery Shop.
   293 | D:1      | Upgraded the game from 0.30-a0-953-g5f1da4a474 to
                  | 0.30-a0-956-gcec3b41aec
   549 | D:1      | Found Uvvotic's Jewellery Boutique.
   568 | D:1      | Reached XP level 3. HP: 28/33 MP: 2/2
  1003 | D:2      | Found a white marble altar of Elyvilon.
  1244 | D:2      | Reached skill level 1 in Maces & Flails
  1853 | D:3      | Reached XP level 4. HP: 39/40 MP: 3/3
  2262 | D:4      | Noticed Duvessa
  2262 | D:4      | Noticed Dowan
  2277 | D:4      | Killed Duvessa
  2278 | D:4      | Reached skill level 1 in Throwing
  2278 | D:4      | Reached XP level 5. HP: 19/47 MP: 4/4
  2403 | D:4      | Found the +18 Lear's hauberk
  2413 | D:4      | Killed Dowan
  2639 | D:4      | Found a stormy altar of Qazlal.
  2642 | D:4      | Noticed an air elemental
  2642 | D:4      | Noticed a water elemental
  2642 | D:4      | Noticed a fire elemental
  2643 | D:4      | Noticed a lemure
  2643 | D:4      | Noticed a lemure
  2643 | D:4      | Noticed a lemure
  2644 | D:4      | Noticed a lemure
  2646 | D:4      | Noticed Pikel
  2653 | D:4      | Demolished by Pikel

Illustrated notes

Levels and vault maps discovered:
D:1:      doesnt_arrival_eight_statues, layout_basic, serial_shops,
          nicolae_shop_advertising_works [nicolae_subvault_shop_adworks], shop,
          nicolae_lakefront_shop, shop, shop,
          shapermc_ecumenical_altar_notcrosses
D:2:      minmay_spotlight, layout_basic, basic_altar
D:3:      layout_loops_cross, st_stairs_7
D:4:      layout_basic, nicolae_qazlal_style_of_elements,
          gup_ossuary_entry_pyramid, uniq_eustachio, uniq_natasha, uniq_pikel,
          uniq_duvessa

Skill      XL: |  1  2  3  4 |
---------------+-------------+-----
Fighting       | 4 |  4.7
Shields        | 4 |  4.7
Armour         | 4 |  4.7
Axes           | 3 |  3.8
Maces & Flails | 1 2 |  2.3
Throwing       | 1 |  1.3

Action                     |  1- 3 |  4- 6 || total
---------------------------+-------+-------++-------
  Melee: War axe           |   121 |    29 ||   150
         Headbutt          |    10 |     7 ||    17
 Armour: Scale mail        |    68 |     9 ||    77
         Chain mail        |       |    10 ||    10
  Dodge: Dodged            |    46 |    15 ||    61
  Block: Buckler           |    28 |    10 ||    38

Table legend: (Time is in decaauts)
 A = Elapsed time spent in this place.
 B = Non-inter-level travel time spent in this place.
 C = Inter-level travel time spent in this place.
 D = Time resting spent in this place.
 E = Time spent auto-exploring this place.
 F = Levels seen in this place.
 G = Mean time per level.
                   A        B        C        D        E       F      G
               +--------+--------+--------+--------+--------+-----+--------+
         Total |   2710 |   2635 |     75 |    101 |   2123 |   4 |  677.5 |
       Dungeon |   2710 |   2635 |     75 |    101 |   2123 |   4 |  677.5 |
               +--------+--------+--------+--------+--------+-----+--------+

Top non-repeatable levels by time:
     D:1: 903 daAuts
     D:2: 676 daAuts
     D:3: 656 daAuts
     D:4: 473 daAuts
